 Dungeon Crawl Stone Soup version 0.29-a0-857-g9b1aa3ac5b (webtiles) character file.

Game seed: 9797455802074970776

12 nxtlvl the Ducker (level 2, 0/18 HPs)
             Began as a Deep Elf Monk on July 16, 2022.
             Slain by a hobgoblin (3 damage)
             ... on level 1 of the Dungeon.
             The game lasted 00:07:32 (547 turns).

nxtlvl the Ducker (Deep Elf Monk)                    Turns: 547, Time: 00:07:32

Health: 0/18       AC:  3    Str:  8    XL:     2   Next: 20%
Magic:  5/5        EV: 13    Int: 14    God:
Gold:   53         SH:  0    Dex: 17    Spells: 2/2 levels left

rFire   + . .      SeeInvis .   a - staff of fire
rCold   . . .      Faith    .   (no shield)
rNeg    . . .      Spirit   .   i - +0 leather armour
rPois   .          Reflect  .   (no helmet)
rElec   .          Harm     .   (no cloak)
rCorr   .          Rampage  .   (no gloves)
Will    .....                   (no boots)
Stlth   ++........              (no amulet)
HPRegen 0.06/turn               (no ring)
MPRegen 0.09/turn               (no ring)

@: no status effects
A: no striking features
a: no special abilities


You were on level 1 of the Dungeon.
You visited 1 branch of the dungeon, and saw 2 of its levels.

You collected 53 gold pieces.

Inventory:

Armour
 i - a +0 leather armour (worn)
Magical Staves
 a - a staff of fire (weapon)
Scrolls
 b - a scroll of summoning {unknown}
 g - 2 scrolls of fear
Potions
 c - a potion of ambrosia
 e - a potion of haste
 f - a potion of attraction
 h - a potion of invisibility {unknown}


   Skills:
 - Level 2.4 Fighting
 - Level 2.8 Long Blades
 * Level 1.0 Staves
 - Level 3.6 Dodging
 - Level 2.4 Stealth
 + Level 0.8 Spellcasting
 + Level 0.5 Fire Magic
 + Level 0.5 Evocations


You had 2 spell levels left.
You didn't know any spells.
Your spell library contained the following spells:

 Spells                   Type           Power      Damage    Failure   Level
 Conjure Flame            Conj/Fire      2%         6-21      71%         3
 Ignite Poison            Fire/Tmut/Pois 1%         N/A       73%         3
 Sticky Flame             Conj/Fire      2%         2d3       98%         4


Dungeon Overview and Level Annotations

Branches:
Dungeon (2/15)

Altars:
Kikubaaqudgha


Message History

A bat comes into view.
The hobgoblin hits you.
The bat moves out of view.
You hit the hobgoblin but do no damage.
The hobgoblin hits you but does no damage.
You barely miss the hobgoblin. The bat closely misses you.
The hobgoblin completely misses you. The hobgoblin misses you.
The hobgoblin attacks as you move away! The hobgoblin closely misses you.
The giant cockroach bites you.
* * * LOW HITPOINT WARNING * * *
The bat barely misses you. The bat barely misses you.
The bat closely misses you. The bat attacks as you move away! The bat hits you.
* * * LOW HITPOINT WARNING * * *
The bat misses you. The bat closely misses you.
The giant cockroach attacks as you move away!
The giant cockroach bites you but does no damage.
The bat barely misses you. The bat attacks as you move away!
The bat hits you but does no damage. x2
There is an open door here.
You hit the giant cockroach.
The giant cockroach is severely wounded.
The giant cockroach misses you.
You hit the giant cockroach.
The giant cockroach is almost dead.
The giant cockroach barely misses you.
You hit the giant cockroach.
You kill the giant cockroach!
The bat hits you but does no damage.
Your Staves skill increases to level 1!
You barely miss the hobgoblin. The hobgoblin misses you.
You hit the hobgoblin.
The hobgoblin is moderately wounded.
The hobgoblin hits you.
* * * LOW HITPOINT WARNING * * *
You barely miss the hobgoblin.
The hobgoblin is lightly wounded.
The hobgoblin barely misses you.
You closely miss the hobgoblin. The hobgoblin hits you.
You die...

.. #.........####.# ...####
#..[......##...# .......
#............#.#
.......#####.........##.#.#
......†....###....#####...#
###........###....##########
...........†..............>#
#####......###....########.#
#.......##@#### #...#
.########..##g##### #.###
..........g..b....# #.#
.........####.....# #.#
....#....# #.....# #.# )..
#....# #.....# #.# . #.###.
####..# #.# ... #. ....
#.#### ..+. # .... #....#


You could see a hobgoblin and a bat.

Vanquished Creatures
  A giant cockroach (D:1)
  3 goblins
  3 bats
  3 frilled lizards (D:1)
  A kobold (D:2)
  2 rats (D:1)
13 creatures vanquished.

Notes
Turn   | Place    | Note
-------+----------+-------------------------------------------
     0 | D:1      | nxtlvl the Deep Elf Monk began the quest for the Orb.
     0 | D:1      | Reached XP level 1. HP: 13/13 MP: 3/3
    17 | D:2      | Found an ancient bone altar of Kikubaaqudgha.
   512 | D:1      | Reached XP level 2. HP: 9/18 MP: 3/5
   544 | D:1      | Reached skill level 1 in Staves
   547 | D:1      | Slain by a hobgoblin

Illustrated notes

Levels and vault maps discovered:
D:1:      dreamdust_arrival_sigmund_warning, layout_basic, minivault_24
D:2:      layout_rooms, basic_altar, nicolae_titane

Skill      XL: |  1  2 |
---------------+-------+-----
Staves         | 1 |  1.0
Fighting       | |  2.4
Long Blades    | |  2.8
Dodging        | |  3.6
Stealth        | |  2.4
Spellcasting   | |  0.8
Fire Magic     | |  0.5
Evocations     | |  0.5

Action                   || total
-------------------------++-------
Melee: Staff             ||    55
       Falchion          ||     1
  Use: Scroll            ||     3
 Stab: Sleeping          ||     1
Armor: Leather armour    ||    14
       Robe              ||     3
Dodge: Dodged            ||    52

Table legend: (Time is in decaauts)
 A = Elapsed time spent in this place.
 B = Non-inter-level travel time spent in this place.
 C = Inter-level travel time spent in this place.
 D = Time resting spent in this place.
 E = Time spent auto-exploring this place.
 F = Levels seen in this place.
 G = Mean time per level.
                   A        B        C        D        E       F      G
               +--------+--------+--------+--------+--------+-----+--------+
         Total |    557 |    557 |      0 |      0 |      0 |   2 |  278.5 |
       Dungeon |    557 |    557 |      0 |      0 |      0 |   2 |  278.5 |
               +--------+--------+--------+--------+--------+-----+--------+

Top non-repeatable levels by time:
     D:1: 297 daAuts
     D:2: 260 daAuts
